 Dungeon Crawl Stone Soup version 0.27.1-2-g3b301248ec (webtiles) character file.

Game seed: 5289494266368444362

35 wilfster70 the Magician (level 3, 0/27 HPs)
             Began as a Djinni Conjurer on Oct 1, 2021.
             Slain by an adder (2 damage)
             ... on level 2 of the Dungeon.
             The game lasted 00:03:24 (1629 turns).

wilfster70 the Magician (Djinni Conjurer)           Turns: 1629, Time: 00:03:25

Health: 0/27       AC:  2    Str:  6    XL:     3   Next: 55%
Gold:   28         EV: 12    Int: 20    God:
                   SH:  0    Dex: 11

rFire    + + .     SeeInvis .   a - +3 spear
rCold    x . .     Faith    .   (no shield)
rNeg     . . .     Spirit   .   b - +0 robe
rPois    ∞         Reflect  .   (no helmet)
rElec    .         Harm     .   (no cloak)
rCorr    .         Rampage  .   (no gloves)
Will     .....                  (boots unavailable)
Stlth    ++........             (no amulet)
HPRegen  0.09/turn              (no ring)
MPRegen  0.00/turn              (no ring)

@: flying
A: sickness immunity, fire resistance 2, cold vulnerability 1, float, innate
caster, hp casting, extra vitality 1
a: no special abilities


You were on level 2 of the Dungeon.
You visited 1 branch of the dungeon, and saw 2 of its levels.

You collected 28 gold pieces.

Inventory:

Hand Weapons
 a - a +3 spear (weapon)
Armour
 b - a +0 robe (worn)
Scrolls
 d - a scroll of identify {unknown}
Potions
 c - a potion of curing {unknown}
 e - a potion of berserk rage {unknown}
 f - a potion of cancellation {unknown}


   Skills:
 + Level 1.2 Fighting
 + Level 1.2 Armour
 - Level 2.1 Dodging
 - Level 1.5 Stealth
 * Level 3.7 Spellcasting


You couldn't memorise any spells.
You knew the following spells:

 Your Spells              Type           Power      Damage    Failure   Level
a - Magic Dart            Conj           72%        1d6       3%          1
b - Searing Ray           Conj           36%        3d4       4%          2
c - Dazzling Flash        Conj/Hex       36%        N/A       9%          3
d - Fulminant Prism       Conj/Hex       9%         3d7       28%         4
e - Iskenderun's Mystic   Conj/Tloc      18%        2d6       28%         4
f - Foxfire               Conj/Fire      72%        2x1d7     3%          1
Your spell library was empty.

Dungeon Overview and Level Annotations

Branches:
Dungeon (2/15)

Altars:


Innate Abilities, Weirdness & Mutations

You are immune to sickness and miasma.
You are immune to poison.
Your flesh is very heat resistant. (rF++)
You are vulnerable to cold. (rC-)
You float through the air rather than walking.
You learn spells naturally, not from books.
Your magical power is your life essence.
You have superior vitality. (+4 HP)


Message History

The adder bites you but does no damage. The adder barely misses you.
The frilled lizard hisses angrily.
Casting: Searing Ray (safe; 4% risk of failure)
Confirm with . or Enter, or press ? or * to list all spells.
Aiming: Searing Ray (safe; 4% risk of failure)
Press: ? - help, Shift-Dir - straight line, f - adder
Aim: an adder (63% to hit)
The searing ray misses the adder. (Press . to maintain the ray.)
The adder barely misses you. The adder misses you.
The searing ray misses the adder.
The searing ray hits the kobold.
You kill the kobold!
The adder bites you.
The searing ray misses the adder.
The adder bites you.
The searing ray misses the adder.
You finish channeling your searing ray.
The adder closely misses you. The adder barely misses you. x2
Casting: Searing Ray (safe; 4% risk of failure)
Confirm with . or Enter, or press ? or * to list all spells.
Aiming: Searing Ray (safe; 4% risk of failure)
Press: ? - help, Shift-Dir - straight line, f/p - adder
Aim: an adder (63% to hit)
The searing ray hits the adder.
The adder is heavily wounded. (Press . to maintain the ray.)
The frilled lizard barely misses you. The adder closely misses you.
The searing ray misses the adder.
The frilled lizard bites you.
* * * LOW HITPOINT WARNING * * *
The adder bites you.
* * * LOW HITPOINT WARNING * * *
The searing ray misses the adder.
* * * LOW HITPOINT WARNING * * *
The frilled lizard barely misses you. The adder bites you but does no damage.
The searing ray misses the adder.
* * * LOW HITPOINT WARNING * * *
You finish channeling your searing ray.
The adder bites you.
* * * LOW HITPOINT WARNING * * *
The frilled lizard bites you but does no damage.
The adder bites you.
You die...

#.♣.♣.♣.♣.♣.♣.♣.♣#####
#....♣...♣...♣...# #
#.♣)♣.♣.♣.♣.♣.♣.♣. #
#..♣...♣...♣...♣. #
#.♣.♣.♣.♣.♣.♣.♣.
#....♣...♣...♣.
##♣.♣.♣.♣.♣.♣.
#.♣lS.♣...♣.
##.♣@♣.♣.♣. #########


You could see an adder and a frilled lizard.

Vanquished Creatures
  4 endoplasms
  A hobgoblin (D:1)
  3 jackals (D:1)
  3 kobolds
  3 quokkas
  4 ball pythons
  5 bats
  5 frilled lizards
  4 rats
32 creatures vanquished.

Notes
Turn   | Place    | Note
-------+----------+-------------------------------------------
     0 | D:1      | wilfster70 the Djinni Conjurer began the quest for the Orb.
     0 | D:1      | Reached XP level 1. HP: 15/15 MP: 0/0
    20 | D:1      | Found a faded altar of an unknown god.
   306 | D:1      | Reached XP level 2. HP: 20/22 MP: 0/0
   713 | D:1      | Reached skill level 1 in Fighting
   713 | D:1      | Reached skill level 1 in Armour
   713 | D:1      | Reached XP level 3. HP: 4/27 MP: 0/0
   713 | D:1      | Learned a level 1 spell: Foxfire
  1629 | D:2      | Slain by an adder

Illustrated notes

Levels and vault maps discovered:
D:1:      grunt_arrival_crossed_arrows, layout_basic,
          hellmonk_ecumenical_altar_leap_of_faith
D:2:      layout_loops_cross, minivault_26, kennysheep_crisscross, uniq_natasha

Skill      XL: |  1  2 |
---------------+-------+-----
Fighting       | 1 |  1.2
Armour         | 1 |  1.2
Dodging        | |  2.1
Stealth        | |  1.5
Spellcasting   | |  3.7

Action                   || total
-------------------------++-------
Melee: Spear             ||     6
 Cast: Magic Dart        ||    30
       Searing Ray       ||    14
Armor: Robe              ||     8
Dodge: Dodged            ||    35
